 Dungeon Crawl Stone Soup version 0.31.0-11-ge490571c62 (webtiles) character file.

Game seed: 2700171830019512028

176 qw the Ducker (level 5, -3/26 HPs)
             Began as a Spriggan Hunter on Feb 3, 2024.
             Slain by Pikel
             ... wielding a +1 whip of flaming
              (6 damage)
             ... on level 4 of the Dungeon.
             The game lasted 00:00:46 (2501 turns).

qw the Ducker (Spriggan Hunter)                     Turns: 2501, Time: 00:00:47

Health: -3/26      AC:  2    Str:  7    XL:     5   Next: 30%
Magic:  6/6        EV: 20    Int: 11    God:
Gold:   121        SH:  0    Dex: 20    Spells: 4/4 levels left

rFire   . . .        a - +0 shortbow
rCold   + . .        (shield currently unavailable)
rNeg    . . .        c - +0 robe
rPois   .            (helmet restricted)
rElec   .            (no cloak)
rCorr   .            (gloves unavailable)
SInv    +            (boots unavailable)
Will    .....        (no amulet)
Stlth   ++           f - ring of protection from cold
HPRegen 0.24/turn    (no ring)
MPRegen 0.10/turn

%: no passive effects
@: very quick
A: very small, no large weapons, unfitting armour, see invisible, speed 3
a: no special abilities


You were on level 4 of the Dungeon.
You visited 1 branch of the dungeon, and saw 4 of its levels.

You collected 121 gold pieces.


Innate Abilities, Weirdness & Mutations

You are very small and have problems with some larger weapons.
You are too small for most types of armour.
You have supernaturally acute eyesight. (SInv)
You cover ground extremely quickly. (Speed+++)


   Skills:
 - Level 2.1 Fighting
 + Level 5.3 Ranged Weapons
 - Level 5.3 Dodging
 - Level 1.5 Stealth


You had 4 spell levels left.
You didn't know any spells.
Your spell library was empty.

Inventory:

Hand Weapons
 a - a +0 shortbow (weapon)
Armour
 c - a +0 robe (worn)
Jewellery
 f - a ring of protection from cold (left hand)
Potions
 d - a potion of cancellation
 h - 2 potions of curing

Dungeon Overview and Level Annotations

Branches:
Dungeon (4/15)
 Temple: D:4-7

Altars:
Fedhas
Qazlal
Wu Jian
The Shining One

Annotations:
D:4 Pikel


Message History

You shoot an arrow.
Pikel shouts!
The arrow hits the lemure but does no damage.
You hear a shout!
A lemure comes into view.
You shoot an arrow. The arrow closely misses the lemure.
A lemure comes into view.
You shoot an arrow. The arrow closely misses the lemure.
The lemure closely misses you.
You shoot an arrow. The arrow misses the lemure.
The lemure hits you!
You shoot an arrow. The arrow hits the lemure.
The lemure is lightly wounded.
The lemure hits you.
You shoot an arrow. The arrow barely misses the lemure.
The lemure barely misses you.
A lemure comes into view.
You shoot an arrow. The arrow hits the lemure.
The lemure is moderately wounded.
The lemure completely misses you.
You shoot an arrow. The arrow hits Pikel.
Pikel is lightly wounded.
Pikel hits you with a +1 whip of flaming!
Pikel burns you.
You shoot an arrow. The arrow hits Pikel!
Pikel is moderately wounded.
Pikel barely misses you.
You shoot an arrow. The arrow barely misses Pikel.
The arrow closely misses the lemure.
Pikel completely misses you.
You shoot an arrow. The arrow completely misses Pikel.
The arrow hits the lemure but does no damage.
The lemure is moderately wounded.
Pikel hits you with a +1 whip of flaming.
Pikel burns you.
You shoot an arrow. The arrow hits Pikel.
Pikel is moderately wounded.
Pikel hits you with a +1 whip of flaming.
You die...
Pikel says, "Another soul for the market."

..#....####.#......
)...#.## .....####
..##### #..### . .##
##.## .. .### #...# ...
.#.### ###...#### ....
)....# #....##..##.....
.#.#..###........%......
)###.##.).....##@##...##
## #....)....###K# ...#
.###.###.....# #55......
..##..##..#...###5..(...
......##..##..# ..g....
.#....#...##...# .......
...####.#####...........
.... .. ...#.......
..... .# ##....K


You could see Pikel, 3 lemures and a goblin.

Vanquished Creatures
  An orc wizard (D:4)
  3 adders
  A dart slug (D:3)
  A ribbon worm (D:2)
  4 orcs (D:4)
  4 endoplasms
  3 giant cockroaches
  5 goblins
  10 hobgoblins
  15 jackals
  4 quokkas
  8 ball pythons
  3 bats
  2 frilled lizards (D:2)
  11 kobolds
  4 rats
79 creatures vanquished.

Vanquished Creatures (collateral kills)
  Natasha (D:3)
1 creature vanquished.

Grand Total: 80 creatures vanquished

Notes
Turn   | Place    | Note
-------+----------+-------------------------------------------
     0 | D:1      | qw the Spriggan Hunter began the quest for the Orb.
     0 | D:1      | Reached XP level 1. HP: 10/10 MP: 2/2
     0 | D:1      | 0 ||| qw: Version: 0.3-a-155-g5e7d8dd
     0 | D:1      | 0 ||| qw: Game counter: 3364
     0 | D:1      | 0 ||| qw: Melee chars always use a shield: true
     0 | D:1      | 0 ||| qw: God list: Okawaru
     0 | D:1      | 0 ||| qw: Allow faded altars: false
     0 | D:1      | 0 ||| qw: Do Orc after clearing Dungeon:15 true
     0 | D:1      | 0 ||| qw: Do second Lair branch before Depths: true
     0 | D:1      | 0 ||| qw: Lair rune preference: random
     0 | D:1      | 0 ||| qw: Goals: Normal
     0 | D:1      | 0 ||| PLANNING D:1-11
    55 | D:1      | Reached skill level 3 in Dodging
   188 | D:1      | Reached XP level 2. HP: 14/14 MP: 3/3
   480 | D:1      | Reached XP level 3. HP: 18/18 MP: 4/4
   879 | D:1      | 879 ||| UPGRADING to ring of protection from cold.
   880 | D:1      | 880 ||| READING scroll labelled INANLY OCWYLETS.
   883 | D:1      | 883 ||| READING scroll labelled MOFELU LAHENG.
   883 | D:1      | 883 ||| ENCHANTING +0 shortbow.
   884 | D:1      | 884 ||| DROPPING scroll of butterflies.
   949 | D:2      | You fall into a shaft and drop 1 floor!
  1049 | D:3      | Found an ornate altar of the Wu Jian Council.
  1127 | D:3      | Found a blossoming altar of Fedhas.
  1174 | D:3      | Found a glowing golden altar of the Shining One.
  1285 | D:3      | 1285 ||| DROPPING ring of flight.
  1286 | D:3      | 1286 ||| DROPPING ring of wizardry.
  1287 | D:3      | 1287 ||| READING scroll labelled QUDO TORIE.
  1288 | D:3      | 1288 ||| READING scroll labelled ZOULEC YBBYSS.
  1289 | D:3      | 1289 ||| READING scroll labelled LEINYHESIO.
  1289 | D:3      | 1289 ||| IDENTIFYING fuming emerald potion
  1290 | D:3      | 1290 ||| READING scroll labelled ZIUL WAXIS.
  1399 | D:3      | 1399 ||| READING 2 scrolls labelled SUDUSK MITUE.
  1400 | D:3      | 1400 ||| DROPPING scroll of fog.
  1546 | D:2      | Reached XP level 4. HP: 22/22 MP: 5/5
  1947 | D:2      | 1947 ||| DRINKING 2 bubbling cyan potions.
  2245 | D:3      | 2245 ||| READING scroll labelled JOAG CIAMUH.
  2254 | D:3      | Noticed Natasha
  2259 | D:3      | Killed Natasha
  2313 | D:4      | HP: 3/23 [orc wizard/+0 dagger (3)]
  2316 | D:4      | 2316 ||| DRINKING 3 potions of curing.
  2316 | D:4      | 2316 ||| (to cure confusion)
  2320 | D:4      | Reached XP level 5. HP: 12/26 MP: 6/6
  2384 | D:4      | Found a stormy altar of Qazlal.
  2466 | D:4      | 2466 ||| FLEEEEING.
  2485 | D:4      | Noticed a lemure
  2486 | D:4      | Noticed Pikel
  2487 | D:4      | 2487 ||| RETREEEEATING.
  2490 | D:4      | Noticed a lemure
  2491 | D:4      | Noticed a lemure
  2495 | D:4      | Noticed a lemure
  2497 | D:4      | HP: 5/26 [Pikel/+1 whip of flaming (4)]
  2501 | D:4      | Slain by Pikel

Levels and vault maps discovered:
D:1:      beargit_arrival_greenhouse, layout_loops_corners
D:2:      layout_loops_ring
D:3:      layout_loops_ring, fedhas_ov_isle_minmay, old_standard_altar,
          lemuel_crystal_altar, uniq_natasha
D:4:      layout_cave_pools, mainiacjoe_overflow_chevrons, kennysheep_mini,
          chequers_serial_rivers_micro_c, nicolae_underground_beach, uniq_pikel

Skill      XL: |  1  2  3  4 |
---------------+-------------+-----
Dodging        | 3 4 5 |  5.3
Ranged Weapons | 5 |  5.3
Fighting       | 2 |  2.1
Stealth        | |  1.5

Action                     |  1- 3 |  4- 6 || total
---------------------------+-------+-------++-------
   Fire: Shortbow          |   129 |   111 ||   240
    Use: Scroll            |     7 |     1 ||     8
         Potion            |       |     2 ||     2
 Armour: Robe              |    12 |    27 ||    39
  Dodge: Dodged            |    34 |    66 ||   100

Table legend:
 A = Non-vault XP
 B = Vault XP
 C = Vault XP percentage of total XP
 D = Non-vault monster count
 E = Vault monster count
 F = Vault count percentage of total count
                 A         B        C        D         E       F
            +---------+---------+-------+---------+---------+-------
      Total |     215 |      37 |  14.7 |      79 |       1 |   1.2
            +---------+---------+-------+---------+---------+-------
        D:1 |      61 |       0 |   0.0 |      35 |       0 |   0.0
        D:2 |      44 |       0 |   0.0 |      18 |       0 |   0.0
        D:3 |      33 |      37 |  52.9 |      11 |       1 |   8.3
        D:4 |      77 |       0 |   0.0 |      15 |       0 |   0.0
            +---------+---------+-------+---------+---------+-------
